 Dungeon Crawl Stone Soup version 0.21.1-1-g345015f (webtiles) character file.

349 zishaf the Cudgeler (level 6, -5/57 HPs)
             Began as a Gargoyle Fighter on May 8, 2018.
             Was an Initiate of Okawaru.
             Slain by an orc warrior
             ... wielding a +1 mace of holy wrath
              (7 damage)
             ... on level 3 of the Dungeon.
             The game lasted 00:10:50 (3160 turns).

zishaf the Cudgeler (Gargoyle Fighter)              Turns: 3160, Time: 00:10:51

Health: -5/57      AC: 14    Str: 29    XL:     6   Next: 60%
Magic:  15/15      EV:  7    Int:  8    God:    Okawaru [......]
Gold:   139        SH: 10    Dex:  7    Spells: 5/5 levels left

rFire    . . .     SeeInvis .   a - +0 flail
rCold    . . .     Gourm    .   c - +0 shield
rNeg     + . .     Faith    .   b - +0 scale mail
rPois    ∞         Spirit   .   (no helmet)
rElec    +         Reflect  .   (no cloak)
rCorr    .         Harm     .   r - +0 pair of gloves
MR       .....                  (no boots)
Stlth    ..........             (no amulet)
HPRegen  0.19/turn              l - ring of magical power
MPRegen  0.14/turn              (no ring)

@: berserking, very quick
A: yellow scales 1, clumsy 1, negative energy resistance 1, electricity
resistance, strong 1, unbreathing, petrification resistance, rot immunity, AC +4
a: Renounce Religion


You were on level 3 of the Dungeon.
You worshipped Okawaru.
Okawaru was noncommittal.
You were not hungry.

You visited 1 branch of the dungeon, and saw 4 of its levels.

You collected 139 gold pieces.

Inventory:

Hand Weapons
 a - a +0 flail (weapon)
Armour
 b - a +0 scale mail (worn)
 c - a +0 shield (worn)
 r - a +0 pair of gloves (worn)
Jewellery
 d - an uncursed ring of flight {unknown}
 l - a ring of magical power (left hand)
Wands
 o - a wand of polymorph (16)
Scrolls
 j - a scroll of amnesia {unknown}
 k - 3 scrolls of fear
 n - 3 scrolls of teleportation
 p - a scroll of remove curse {unknown}
 s - 3 scrolls of immolation
Potions
 e - a potion of haste
 h - a potion of curing
 i - a potion of cancellation
 v - a potion of brilliance
Comestibles
 f - 5 rations
 m - 5 chunks of flesh


   Skills:
 * Level 3.8 Fighting
 - Level 6.1 Maces & Flails
 * Level 3.8 Armour
 + Level 3.7 Shields


You had 5 spell levels left.
You didn't know any spells.

Dungeon Overview and Level Annotations

Branches:
Dungeon (4/15)
 Temple: D:4-7

Altars:
Gozag
Okawaru
Xom
The Shining One


Innate Abilities, Weirdness & Mutations

You are resistant to torment.
Your stone body is resilient. (AC +4)
You are immune to poison.
You resist negative energy. (rN+)
You are resistant to electric shocks. (rElec)
You can survive without breathing.
You are immune to petrification.
You are immune to rotting.
You are partially covered in yellow scales. (AC +2)
You are clumsy. (Dex -2)
Your muscles are strong. (Str +2)


Message History

You block the orc's attack.
A red film seems to cover your vision as you go berserk!
You feel yourself moving faster!
You feel mighty! You block the orc warrior's attack.
You closely miss the orc warrior.
The orc warrior is lightly wounded.
The orc barely misses you.
The orc warrior hits you with a mace of holy wrath!
* * * LOW HITPOINT WARNING * * *
You sock the orc warrior!
The orc warrior is severely wounded.
You block the orc's attack.
The orc warrior hits you but does no damage.
You hit the orc warrior.
The orc warrior is almost dead.
You block the orc's attack.
You barely miss the orc warrior.
The orc warrior is almost dead.
The orc warrior hits you with a mace of holy wrath!
You die...

#.# ##....(...# #.####..#
#.# #####....# #.# #..#
#.# #...####.####).# #.#
###))##..#...... #.#
##.##.#....... #.#
####.##.#....... #.#
#...............
#.########.........######
#......o@o.........#
##########.........#
###########


You could see an orc warrior and an orc.

Vanquished Creatures
  An ogre (D:3)
  2 orc priests
  Jessica (D:3)
  Natasha (thrice) (D:2)
  3 adders
  A dart slug (D:1)
  3 leopard geckos
  6 orcs (D:3)
  4 giant cockroaches
  12 goblins
  9 hobgoblins
  2 jackals (D:1)
  2 quokkas (D:3)
  A ball python (D:2)
  8 bats
  4 frilled lizards
  7 kobolds
  5 rats
74 creatures vanquished.

Notes
Turn   | Place    | Note
-------+----------+-------------------------------------------
     0 | D:1      | zishaf the Gargoyle Fighter began the quest for the Orb.
     0 | D:1      | Reached XP level 1. HP: 14/14 MP: 1/1
   269 | D:1      | Reached XP level 2. HP: 19/19 MP: 2/2
   360 | D:1      | Reached skill level 3 in Maces & Flails
   516 | D:1      | Reached XP level 3. HP: 23/23 MP: 3/3
  1219 | D:2      | Found an opulent altar of Gozag.
  1266 | D:2      | Found an iron altar of Okawaru.
  1271 | D:2      | Became a worshipper of Warmaster Okawaru
  1347 | D:2      | Found a glowing golden altar of the Shining One.
  1378 | D:2      | Reached skill level 4 in Maces & Flails
  1454 | D:2      | Reached XP level 4. HP: 28/28 MP: 4/4
  1928 | D:3      | Noticed Natasha
  1959 | D:2      | Killed Natasha
  2149 | D:2      | Noticed Natasha
  2160 | D:2      | Killed Natasha
  2160 | D:2      | Reached skill level 5 in Maces & Flails
  2160 | D:2      | Reached XP level 5. HP: 24/32 MP: 5/5
  2275 | D:2      | Noticed Natasha
  2285 | D:2      | Killed Natasha
  2454 | D:3      | Noticed Jessica
  2473 | D:3      | Killed Jessica
  2572 | D:3      | Found a glowing silver altar of Zin.
  2574 | D:3      | Found a burning altar of Makhleb.
  2574 | D:3      | Found a shimmering altar of Xom.
  2585 | D:3      | Found a glowing golden altar of the Shining One.
  2585 | D:3      | Found a stormy altar of Qazlal.
  2585 | D:3      | Found a sparkling altar of Nemelex Xobeh.
  2684 | D:4      | Gained mutation: You are clumsy. (Dex -2) [potion of mutation]
  2684 | D:4      | Gained mutation: You are partially covered in yellow scales. (AC +2) [potion of mutation]
  2684 | D:4      | Gained mutation: Your muscles are strong. (Str +2) [potion of mutation]
  2689 | D:4      | Noticed an ogre
  2701 | D:4      | Reached skill level 6 in Maces & Flails
  2701 | D:4      | Reached XP level 6. HP: 12/37 MP: 6/6
  2989 | D:4      | Noticed an orc warrior
  3157 | D:3      | HP: 2/57 [orc warrior/mace of holy wrath (12)]
  3160 | D:3      | Slain by an orc warrior

Skill      XL: |  1  2  3  4  5 |
---------------+----------------+-----
Maces & Flails | 3 4 5 6 |  6.1
Fighting       | |  3.8
Armour         | |  3.8
Shields        | |  3.7

Action                   |  1- 3 |  4- 6 || total
-------------------------+-------+-------++-------
Melee: Flail             |   145 |   181 ||   326
  Use: Scroll            |       |     8 ||     8
       Potion            |       |     4 ||     4
  Eat: Chunk             |     2 |     6 ||     8
Armor: Scale mail        |    73 |   112 ||   185
Dodge: Dodged            |    34 |    82 ||   116
Block: Shield            |    76 |   116 ||   192
